 Dungeon Crawl Stone Soup version 0.22-a0-456-g11ed031 (webtiles) character file.

25 DrEnzyme the Grasshopper (level 3, 0/37 HPs)
             Began as an Octopode Wanderer on June 6, 2018.
             Succumbed to a kobold's poison
             ... on level 1 of the Dungeon.
             The game lasted 00:03:36 (568 turns).

DrEnzyme the Grasshopper (Octopode Wanderer)         Turns: 568, Time: 00:03:37

Health: 0/37       AC: 21    Str: 14    XL:     3   Next: 4%
Magic:  3/3        EV:  2    Int: 13    God:
Gold:   41         SH:  0    Dex: 10    Spells: 2/2 levels left

rFire    . . .     SeeInvis .   a - +0 dagger
rCold    . . .     Gourm    .   (no shield)
rNeg     + + +     Faith    .   (helmet currently unavailable)
rPois    +         Spirit   .   i - amulet of rage
rElec    .         Reflect  .   (no ring)
rCorr    .         Harm     .   (no ring)
MR       .....     NoTele   +   (no ring)
Stlth    +.........             (no ring)
HPRegen  0.12/turn              (no ring)
MPRegen  0.08/turn              (no ring)
                                (no ring)
                                (no ring)

@: lethally poisoned (0 -> -18), tree-form
A: almost no armour, stealthy swim, (amphibious), 8 rings, (constrict 8)
a: Evoke Berserk Rage


You were on level 1 of the Dungeon.
You were not hungry.
You were a tree.
You visited 1 branch of the dungeon, and saw 1 of its levels.

You collected 41 gold pieces.

Inventory:

Hand Weapons
 a - a +0 dagger (weapon)
 b - a +0 shortbow
 c - a +0 blowgun
Missiles
 d - 13 poisoned needles
Jewellery
 i - an amulet of rage (around neck)
Wands
 m - a wand of paralysis (15)
Scrolls
 g - 4 scrolls of teleportation
 j - a scroll of identify
Potions
 l - a potion of lignification
Comestibles
 f - 2 rations
 h - 11 chunks of flesh


   Skills:
 - Level 2.4 Fighting
 + Level 1.9 Bows
 - Level 1.5 Throwing
 * Level 0.5 Stealth
   Level 5.0 Translocations
 - Level 1.1 Evocations


You had 2 spell levels left.
You didn't know any spells.
Your spell library was empty.

Dungeon Overview and Level Annotations

Branches:
Dungeon (1/15)

Altars:


Innate Abilities, Weirdness & Mutations

You cannot wear most types of armour.
You are very stealthy in the water. (Stealth+)
((You are amphibious.))
You can wear up to eight rings at the same time.
((You can use your tentacles to constrict eight enemies at once.))
((Your skin changes colour to match your surroundings (Stealth+).))
((Your rubbery body absorbs attacks. (AC +1, EV +1)))


Message History

You feel sick. The kobold closely misses you.
You barely miss the kobold. You grab the kobold. You constrict the kobold.
* * * LOW HITPOINT WARNING * * *
You feel sick.
The kobold hits you with a dagger of venom.
* * * LOW HITPOINT WARNING * * *
You are more poisoned.
You hit the kobold but do no damage.
You kill the kobold!
* * * LOW HITPOINT WARNING * * *
You feel sick.
It was a potion of lignification.
You turn into a tree.
Your roots penetrate the ground.
* * * LOW HITPOINT WARNING * * *
You feel sick.
Okay, then.
As you read the scroll labeled KYNOTE POY, it crumbles to dust.
You hear a loud clanging noise!
It was a scroll of noise.
You die...

.(. ... .(# #(# #(#
#(# ####)### ###
#...♣..# ..######
#......#
.......######......#
≈≈≈≈≈≈..........>###
.....≈..##########
.....≈..# .....≈..#
.≈≈..≈..# .<≈..≈..#


There were no monsters in sight!

Vanquished Creatures
  2 dart slugs (D:1)
  4 hobgoblins (D:1)
  3 jackals (D:1)
  2 bats (D:1)
  A frilled lizard (D:1)
  2 goblins (D:1)
  4 kobolds (D:1)
  3 rats (D:1)
21 creatures vanquished.

Notes
Turn   | Place    | Note
-------+----------+-------------------------------------------
     0 | D:1      | DrEnzyme the Octopode Wanderer began the quest for the Orb.
     0 | D:1      | DrEnzyme set off with: a wand of paralysis (15), a +0 shortbow, 22 arrows, 13 poisoned needles, a +0 blowgun, a ration
     0 | D:1      | Reached XP level 1. HP: 14/14 MP: 1/1
    41 | D:1      | Reached XP level 2. HP: 8/20 MP: 2/2
   558 | D:1      | Reached XP level 3. HP: 16/25 MP: 3/3
   568 | D:1      | Succumbed to a kobold's poison

Vault maps used:
D:1:      ebering_trefoil_twist

Action                   || total
-------------------------++-------
Melee: Dagger            ||     3
       Constrict         ||     1
       Tentacles         ||     1
 Fire: Shortbow          ||    60
  Use: Scroll            ||     3
       Potion            ||     2
Armor: Skin              ||     3
Dodge: Dodged            ||    30

Table legend:
 A = Spawn XP
 B = Non-spawn XP
 C = Spawn XP percentage of total XP
 D = Spawn monster count
 E = Non-spawn monster count
 F = Spawn count percentage of total count
 G = Total turns spent on level
                    A         B        C        D         E        F      G
               +---------+---------+-------+---------+---------+-------+---------
         Total |       0 |      36 |   0.0 |       0 |      21 |   0.0 |   568
               +---------+---------+-------+---------+---------+-------+---------
           D:1 |       0 |      36 |   0.0 |       0 |      21 |   0.0 |   568
               +---------+---------+-------+---------+---------+-------+---------
